 Dungeon Sprint DCSS version 0.30.1-11-g7821555f0a (webtiles) character file.

Game seed: 10284754968610982940

4009 Groucho the Thaumaturge (level 10, -1/59 HPs)
             Began as a Deep Elf Earth Elementalist on Dec 21, 2023.
             Was a High Priest of Sif Muna.
             Slain by a demonic crawler (9 damage)
             ... in the Dungeon (Sprint VII: "The Pits").
             The game lasted 00:13:21 (4609 turns).

Groucho the Thaumaturge (DEEE)                      Turns: 4609, Time: 00:13:22

Health: -1/59      AC: 13    Str:  7    XL:     10   Next: 3%
Magic:  8/28       EV: 11    Int: 26    God:    Sif Muna [*****.]
Gold:   0          SH:  0    Dex: 18    Spells: 7/33 levels left

rFire   . . .        n - +2 dagger (elec)
rCold   . . .        (no shield)
rNeg    . . .        s - +5 ring mail
rPois   .            u - +0 helmet
rElec   .            t - +0 cloak
rCorr   .            (no gloves)
SInv    .            (no boots)
Will    +....        (no amulet)
Stlth   ++++         o - +3 ring of intelligence
HPRegen 0.29/turn    p - +3 ring of dexterity
MPRegen 0.21/turn

%: no teleportation
@: no status effects
A: no striking features
a: Renounce Religion, Channel Magic, Forget Spell, Divine Exegesis


You were in the Dungeon.
You worshipped Sif Muna.
Sif Muna was extremely pleased with you.
You visited 1 branch

Inventory:

Hand Weapons
 h - a +2 dagger
 m - a +1 long sword of holy wrath
 n - a +2 dagger of electrocution (weapon)
 r - a +2 scimitar of holy wrath
Armour
 d - a +3 chain mail
 s - a +5 ring mail (worn)
 t - a +0 cloak (worn)
 u - a +0 helmet (worn)
Jewellery
 o - a +3 ring of intelligence (left hand)
 p - a +3 ring of dexterity (right hand)
Scrolls
 k - 5 scrolls of amnesia
 l - a scroll of butterflies
Potions
 b - a potion of magic
 c - 5 potions of curing
 e - 2 potions of haste
 f - 4 potions of berserk rage
 i - 8 potions of heal wounds
 j - a potion of invisibility
 q - a potion of brilliance


   Skills:
 - Level 5.0 Fighting
 - Level 5.0 Short Blades
 + Level 3.5 Armour
 - Level 3.0 Dodging
 - Level 10.0 Stealth
 + Level 12.0 Spellcasting
 + Level 9.4 Conjurations
 + Level 9.9 Transmutations
 + Level 4.9 Fire Magic
 + Level 11.0 Earth Magic
 + Level 9.6 Invocations


You had 7 spell levels left.
You knew the following spells:

 Your Spells              Type           Power      Damage    Failure   Level
a - Sandblast             Erth           100%       2d20      1%          1
b - Stone Arrow           Conj/Erth      100%       3d13      1%          3
c - Petrify               Tmut/Erth      63%        N/A       1%          4
d - Irradiate             Conj/Tmut      30%        3d21      6%          5
e - Fireball              Conj/Fire      26%        3d12      17%         5
f - Lehudib's Crystal Sp  Conj/Erth      31%        10d8      100%        8

Your spell library contained the following spells:

 Spells                   Type           Power      Damage    Failure   Level
 Magic Dart               Conj           100%       1d8       1%          1
 Passwall                 Tmut/Erth      52%        N/A       1%          2
 Searing Ray              Conj           100%       2d8       1%          2
 Wereblood                Tmut           61%        N/A       1%          2
 Scorch                   Fire           82%        2d8       2%          2
 Flame Wave               Conj/Fire      52%        2d13      6%          4
 Leda's Liquefaction      Hex/Erth       22%        N/A       12%         4
 Sublimation of Blood     Necr           15%        N/A       19%         2
 Portal Projectile        Hex/Tloc       30%        N/A       34%         3
 Tukima's Dance           Hex            15%        N/A       34%         3
 Yara's Violent Unravell  Hex/Tmut       20%        3d9       41%         5
 Anguish                  Hex/Necr       7%         N/A       75%         4
 Silence                  Hex/Air        7%         N/A       97%         5
 Summon Cactus Giant      Summ           7%         N/A       100%        6
 Haunt                    Necr/Summ      7%         N/A       100%        7
 Summon Hydra             Summ           7%         N/A       100%        7
 Necromutation            Tmut/Necr      20%        N/A       100%        8


Dungeon Overview and Level Annotations

Branches:
Dungeon (1/1)

Altars:
Ashenzari
Cheibriados
Dithmenos
Elyvilon
Fedhas
Gozag
Hepliaklqana
Kikubaaqudgha
Makhleb
Nemelex Xobeh
Okawaru
Qazlal
Ru
Sif Muna
Trog
Uskayaw
Vehumet
Wu Jian
Xom
Yredelemnul
Zin
The Shining One
Jiyva
Lugonu


Message History

The demonic crawler is severely wounded.
The demonic crawler barely misses you. The demonic crawler closely misses you.
The demonic crawler hits you but does no damage.
Aiming: Stone Arrow (safe; 1% risk of failure)
Press: ? - help, Q - select action, (/) - cycle Shift-Dir - straight line, f/p - demonic crawler
Aim: a demonic crawler (severely wounded, 89% to hit)
The stone arrow hits the demonic crawler.
The demonic crawler is severely wounded.
The demonic crawler closely misses you. The demonic crawler barely misses you.
The demonic crawler hits you! The demonic crawler hits you.
The demonic crawler closely misses you. The demonic crawler hits you!
Unknown command.
Aiming: Stone Arrow (safe; 1% risk of failure)
Press: ? - help, Q - select action, (/) - cycle Shift-Dir - straight line, f/p - demonic crawler
Aim: a demonic crawler (heavily wounded, 89% to hit)
The stone arrow hits the demonic crawler!
The demonic crawler is severely wounded.
The demonic crawler hits you!
The demonic crawler hits you but does no damage. x2
Unknown command.
Aiming: Stone Arrow (safe; 1% risk of failure)
Press: ? - help, Q - select action, (/) - cycle Shift-Dir - straight line, f/p - demonic crawler
Aim: a demonic crawler (severely wounded, 89% to hit)
The stone arrow hits the demonic crawler but does no damage.
The demonic crawler is severely wounded.
The demonic crawler hits you!
* * * LOW HITPOINT WARNING * * *
The demonic crawler barely misses you. The demonic crawler hits you!
* * * LOW HITPOINT WARNING * * *
Unknown command.
You feel much better. The demonic crawler hits you!
The demonic crawler hits you but does no damage.
The demonic crawler hits you!
* * * LOW HITPOINT WARNING * * *
The demonic crawler hits you.
* * * LOW HITPOINT WARNING * * *
The demonic crawler hits you.
* * * LOW HITPOINT WARNING * * *
The demonic crawler hits you!
You die...

'#####'#####''######
.##.......##''#
.##.......##..#
###.......##..# +#
.##...<...##..# #.##
.##.......##..# #...##
.##.......##..## #.....#
###.......##.).##s.....#
.###########....@......'
############...##......#
#....#....##..## #.....#
#....#...[##..# #...##
'))..'..))##..# #.##
#....#[.).##..# '#
#....#..))##.. .
########### #


You could see a demonic crawler.

Vanquished Creatures
  A boulder beetle (D)
  A bog body (D)
  An orc knight (D)
  A manticore (D)
  A freezing wraith (D)
  A troll (D)
  A flying skull (D)
  A steam dragon (D)
  2 wargs (D)
  A water moccasin (D)
  Duvessa (D)
  A swamp drake (D)
  3 orc warriors (D)
  A black bear (D)
  A bullfrog (D)
  A scorpion (D)
  3 wights (D)
  Dowan (D)
  A crimson imp (D)
  2 orc priests (D)
  An orc wizard (D)
  A river rat (D)
  An adder (D)
  2 ufetubi (D)
  6 orcs (D)
  A bat zombie (D)
  2 goblins (D)
  3 jackals (D)
  A kobold (D)
  A quokka skeleton (D)
45 creatures vanquished.

Notes
Turn   | Place    | Note
-------+----------+-------------------------------------------
     0 | D        | Groucho the Deep Elf Earth Elementalist began the quest for
                  | the Orb.
     0 | D        | Reached XP level 1. HP: 10/10 MP: 6/6
    35 | D        | Found a bloodstained altar of Trog.
    35 | D        | Found a shimmering blue altar of Sif Muna.
    35 | D        | Found a viscous altar of Jiyva.
    35 | D        | Found a hazy altar of Hepliaklqana.
    35 | D        | Found an opulent altar of Gozag.
    36 | D        | Found a glowing golden altar of the Shining One.
    36 | D        | Found a glowing silver altar of Zin.
    36 | D        | Found a basalt altar of Yredelemnul.
    36 | D        | Found a shimmering altar of Xom.
    36 | D        | Found an ornate altar of the Wu Jian Council.
    36 | D        | Found a sacrificial altar of Ru.
    36 | D        | Found a stormy altar of Qazlal.
    36 | D        | Found an iron altar of Okawaru.
    36 | D        | Found a sparkling altar of Nemelex Xobeh.
    36 | D        | Found a burning altar of Makhleb.
    36 | D        | Found a blossoming altar of Fedhas.
    36 | D        | Found a white marble altar of Elyvilon.
    36 | D        | Found a shadowy altar of Dithmenos.
    36 | D        | Found a snail-covered altar of Cheibriados.
    38 | D        | Found a radiant altar of Vehumet.
    38 | D        | Found a corrupted altar of Lugonu.
    39 | D        | Found a hide-covered altar of Uskayaw.
    39 | D        | Found an ancient bone altar of Kikubaaqudgha.
    39 | D        | Found a broken altar of Ashenzari.
    41 | D        | Became a worshipper of Sif Muna the Loreminder
   233 | D        | Reached * piety under Sif Muna
   238 | D        | Reached skill level 5 in Earth Magic
   238 | D        | Reached XP level 2. HP: 8/15 MP: 2/8
   247 | D        | Reached ** piety under Sif Muna
   572 | D        | Noticed a crimson imp
   576 | D        | Killed a crimson imp
   577 | D        | Reached skill level 1 in Fighting
   577 | D        | Reached skill level 1 in Short Blades
   577 | D        | Reached skill level 4 in Spellcasting
   577 | D        | Reached XP level 3. HP: 19/20 MP: 4/10
   871 | D        | Learned a level 3 spell: Stone Arrow
   875 | D        | Reached *** piety under Sif Muna
   934 | D        | Noticed a flying skull
   936 | D        | Noticed a scorpion
   936 | D        | Noticed Dowan
   940 | D        | Reached XP level 4. HP: 25/26 MP: 9/12
   941 | D        | Reached skill level 1 in Conjurations
   944 | D        | Noticed a bullfrog
   954 | D        | Noticed Duvessa
   961 | D        | Killed a flying skull
   961 | D        | Reached **** piety under Sif Muna
   962 | D        | Reached skill level 6 in Spellcasting
   962 | D        | Reached XP level 5. HP: 16/30 MP: 11/15
   968 | D        | Killed Dowan
   969 | D        | Reached skill level 5 in Transmutations
   969 | D        | Reached XP level 6. HP: 21/35 MP: 3/17
   976 | D        | Killed Duvessa
   977 | D        | Reached skill level 5 in Short Blades
   977 | D        | Reached skill level 7 in Spellcasting
   977 | D        | Reached skill level 5 in Invocations
   980 | D        | Reached ***** piety under Sif Muna
   981 | D        | Reached skill level 5 in Conjurations
  1250 | D        | Received a gift from Sif Muna
  1251 | D        | Reached XP level 7. HP: 40/40 MP: 13/20
  1251 | D        | Got Sif Muna's Anthology of the Learner {god gift}
  1264 | D        | Noticed a manticore
  1272 | D        | Killed a manticore
  1273 | D        | Reached skill level 8 in Spellcasting
  1752 | D        | Reached skill level 9 in Spellcasting
  1752 | D        | Reached XP level 8. HP: 44/44 MP: 16/23
  2087 | D        | Noticed a bog body
  2092 | D        | Received a gift from Sif Muna
  2094 | D        | Reached skill level 10 in Stealth
  2095 | D        | Killed a bog body
  2096 | D        | Reached skill level 10 in Spellcasting
  2352 | D        | Learned a level 4 spell: Petrify
  2358 | D        | Learned a level 5 spell: Irradiate
  2364 | D        | Learned a level 5 spell: Fireball
  2373 | D        | Learned a level 8 spell: Lehudib's Crystal Spear
  2440 | D        | Noticed a troll
  2448 | D        | Reached XP level 9. HP: 52/52 MP: 18/25
  3182 | D        | Killed a troll
  3183 | D        | Reached skill level 1 in Armour
  3183 | D        | Reached skill level 1 in Fire Magic
  3183 | D        | Reached skill level 10 in Earth Magic
  3747 | D        | Noticed a demonic crawler
  3747 | D        | Noticed a freezing wraith
  3747 | D        | Noticed a boulder beetle
  3747 | D        | Noticed an orc knight
  3774 | D        | Reached skill level 11 in Spellcasting
  3783 | D        | Killed an orc knight
  3783 | D        | Received a gift from Sif Muna
  3785 | D        | Reached skill level 5 in Fighting
  4002 | D        | Killed a boulder beetle
  4220 | D        | Killed a freezing wraith
  4220 | D        | Received a gift from Sif Muna
  4221 | D        | Reached skill level 12 in Spellcasting
  4221 | D        | Reached XP level 10. HP: 10/59 MP: 14/28
  4222 | D        | Got Sif Muna's Grimoire of Lamentation and Malisons {god
                  | gift}
  4609 | D        | Slain by a demonic crawler

Illustrated notes

Levels and vault maps discovered:
D:        pitsprint [storerooms_1, entrance_room_1, metal_vault_3, armoury_2,
          mini_pit_1, grid_room_1, main_hall_1, silver_pit, the_coven_2,
          the_vestibule_1, steel_vault_5, golden_pit, hallway_of_sentries,
          crystal_vault_6, iron_vault_4, final_vault]

Skill      XL: |  1  2  3  4  5  6  7  8  9 |
---------------+----------------------------+-----
Earth Magic    | 5 7 8 9 11 | 11.0
Transmutations | 2 3 4 5 6 7 8 9 |  9.9
Dodging        | 3 |  3.0
Stealth        | 3 4 6 7 9 10 | 10.0
Fighting       | 1 2 4 5 |  5.0
Short Blades   | 1 2 4 5 |  5.0
Spellcasting   | 4 6 7 9 10 12 | 12.0
Invocations    | 2 4 5 7 8 9 |  9.6
Conjurations   | 3 5 6 8 9 |  9.4
Armour         | 3 |  3.5
Fire Magic     | 4 |  4.9

Action                     |  1- 3 |  4- 6 |  7- 9 | 10-12 || total
---------------------------+-------+-------+-------+-------++-------
  Melee: Dagger            |     1 |    27 |       |       ||    28
   Cast: Sandblast         |    18 |       |     2 |       ||    20
         Stone Arrow       |     1 |    11 |    53 |     8 ||    73
         Irradiate         |       |       |     3 |       ||     3
    Use: Potion            |     3 |     2 |     8 |     1 ||    14
         Scroll            |       |       |     1 |       ||     1
   Stab: Invisible         |     1 |     4 |       |       ||     5
 Armour: Robe              |     3 |     3 |     2 |       ||     8
         Ring mail         |       |       |     8 |     5 ||    13
  Dodge: Dodged            |    19 |    16 |    24 |     7 ||    66
